 Dungeon Crawl Stone Soup version 0.29-a0-207-gf982a884d8 (webtiles) character file.

Game seed: 1460783531072290311

349 mcwallace the Sneak (level 6, 0/56 HPs)
             Began as a Naga Hunter on Feb 24, 2022.
             Slain by a hound (1 damage)
             ... on level 4 of the Dungeon.
             The game lasted 00:09:37 (3759 turns).

mcwallace the Sneak (Naga Hunter)                   Turns: 3759, Time: 00:09:38

Health: 0/56       AC:  5    Str: 15    XL:     6   Next: 60%
Magic:  6/6        EV: 10    Int: 11    God:
Gold:   241        SH:  0    Dex: 13    Spells: 5/5 levels left

rFire   . . .      SeeInvis +   n - +1 war axe (vamp) {axe}
rCold   . . .      Faith    .   (no shield)
rNeg    . . .      Spirit   .   t - +2 robe {Will+}
rPois   +          Reflect  .   (no helmet)
rElec   .          Harm     .   o - scarf {repulsion}
rCorr   .          Rampage  .   (no gloves)
Will    +....                   (no barding)
Stlth   +++.......              (no amulet)
HPRegen 0.18/turn               (no ring)
MPRegen 0.10/turn               (no ring)

@: repel missiles, very slow
A: AC +2, large, see invisible, deformed body, poison resistance, slowness 2,
spit poison 1, naga tail 1
a: Spit Poison


You were on level 4 of the Dungeon.
You visited 1 branch of the dungeon, and saw 4 of its levels.

You collected 241 gold pieces.


Innate Abilities, Weirdness & Mutations

Your serpentine skin is tough. (AC +2)
You have supernaturally acute eyesight. (SInv)
Armour fits poorly on your strangely shaped body.
Your system is resistant to poisons. (rPois)
You cover ground very slowly.
You can spit poison.
You have a snake-like lower body.


   Skills:
 + Level 3.4 Fighting
 + Level 4.5 Crossbows
 + Level 1.9 Armour
 + Level 2.8 Dodging
 + Level 4.8 Stealth


You had 5 spell levels left.
You didn't know any spells.
Your spell library contained the following spells:

 Spells                   Type           Power      Damage    Failure   Level
 Foxfire                  Conj/Fire      0%         2x1d4     34%         1
 Confusing Touch          Hex            0%         N/A       71%         3
 Conjure Flame            Conj/Fire      0%         6-21      71%         3
 Inner Flame              Hex/Fire       0%         N/A       71%         3
 Flame Wave               Conj/Fire      0%         2d4       98%         4
 Yara's Violent Unravell  Hex/Tmut       0%         3d3       100%        5
 Enfeeble                 Hex            0%         N/A       100%        7

Inventory:

Hand Weapons
 a - a +1 hand crossbow {crossbow}
 n - a +1 vampiric war axe (weapon) {axe}
   (You found it on level 1 of the Dungeon)
Missiles
 f - 154 stones {throwing}
Armour
 b - a +0 leather armour
 c - a +0 ring mail
   (You found it on level 1 of the Dungeon)
 d - a +0 leather armour
   (You found it on level 1 of the Dungeon)
 h - an orb of guile
   (You found it on level 1 of the Dungeon)
 i - a +0 leather armour
   (You found it on level 1 of the Dungeon)
 m - a +0 leather armour
   (You found it on level 1 of the Dungeon)
 o - a scarf of repulsion (worn)
   (You found it on level 1 of the Dungeon)
 q - a +0 scale mail
   (You found it on level 2 of the Dungeon)
 s - a +1 chain mail of willpower
   (You found it on level 3 of the Dungeon)
 t - a +2 robe of willpower (worn)
   (You took it off Blork the orc on level 4 of the Dungeon)
 u - a +0 robe
   (You found it on level 4 of the Dungeon)
 w - a +0 leather armour
   (You found it on level 4 of the Dungeon)
 y - a +0 ring mail
   (You found it on level 4 of the Dungeon)
 B - a +0 robe
   (You found it on level 4 of the Dungeon)
Scrolls
 e - a scroll of enchant armour {unknown}
 g - 3 scrolls of immolation {unknown}
 j - a scroll of enchant weapon {unknown}
 p - 2 scrolls of brand weapon {unknown}
 v - a scroll of teleportation {unknown}
 x - 2 scrolls of identify {unknown}
Potions
 k - a potion of brilliance {unknown}
 l - 5 potions of curing {unknown}
 r - a potion of ambrosia {unknown}
 z - a potion of might {unknown}
 A - a potion of lignification {unknown}

Dungeon Overview and Level Annotations

Branches:
Dungeon (4/15)
 Temple: D:4-7

Altars:
Hepliaklqana
Qazlal

Shops:
D:2

: #...........## ##.## .
##............# #..#
#.##.............#####.##
.....###....#......##...##
....................##.....#
...........................###
..............#...#..........#
.........##..g##..#.........##
.........###.lh@.............#
..........###g###...#.##.....#
........g......##.....####...##
..........<..#.#.......###..##
.........##............##...#
..........##.....#......#.###
....###.##..##..##........#
...#.#.......##..#..##....##
...#....#...####.##)<...#.#


You could see an iguana, a hound and 2 goblins.


Message History

Okay, then.
You feel a sense of dread.
n - a +1 vampiric war axe (weapon)
{axe} The hound bites you. 😮 HP[-1]
You take 1 damage, and now have 30/56 hp.
You closely miss the hound. The hound bites you.
* * * LOW HITPOINT WARNING * * *
The hound bites you.
* * * LOW HITPOINT WARNING * * *
😨 HP[-3]
You take 3 damage, and now have 27/56 hp.
You slash the hound!
You feel better. The hound bites you.
The hound closely misses you. x2 😮 HP[+7]
You regained 7 hp, and now have 34/56 hp.
You barely miss the hound. The hound bites you. x2
* * * LOW HITPOINT WARNING * * *
😨 HP[-8]
You take 8 damage, and now have 26/56 hp.
You miss the hound. The hound bites you.
* * * LOW HITPOINT WARNING * * *
The hound closely misses you. 😨 HP[-2]
You take 2 damage, and now have 24/56 hp.
You barely miss the hound. The hound closely misses you.
The hound bites you but does no damage. The hound barely misses you. 😨 HP[+1]
You barely miss the hound. You punch the hound. The hound barely misses you.
The hound misses you.
You miss the hound. The hound bites you.
* * * LOW HITPOINT WARNING * * *
The hound closely misses you. 😨 HP[-1]
You take 1 damage, and now have 24/56 hp.
You miss the hound. The hound bites you.
* * * LOW HITPOINT WARNING * * *
The hound barely misses you. 😨 HP[-4]
You take 4 damage, and now have 20/56 hp.
You miss the hound. The hound closely misses you.
A quokka comes into view.
The hound bites you.
* * * LOW HITPOINT WARNING * * *
The hound bites you.
* * * LOW HITPOINT WARNING * * *
😨 HP[-3]
You take 3 damage, and now have 17/56 hp.
You closely miss the hound. The hound bites you.
* * * LOW HITPOINT WARNING * * *
The hound misses you. 😱 HP[-4]
You take 4 damage, and now have 13/56 hp.
You closely miss the hound. The hound bites you.
* * * LOW HITPOINT WARNING * * *
The hound barely misses you. 😱 HP[-2]
You take 2 damage, and now have 11/56 hp.
You closely miss the hound. The hound bites you but does no damage.
The hound barely misses you. 😱 HP[+1]
You hit the hound.
You feel better. The hound closely misses you.
The hound stops to sniff the ground.
The hound barely misses you. The hound bites you.
* * * LOW HITPOINT WARNING * * *
You barely miss the hound. The hound bites you but does no damage.
The hound misses you.
You hit the hound.
You feel better. The hound bites you but does no damage. The hound bites you.
* * * LOW HITPOINT WARNING * * *
You barely miss the hound. The hound barely misses you. The hound misses you.
The hound bites you but does no damage. 😱 HP[+1]
You miss the hound. The hound bites you.
* * * LOW HITPOINT WARNING * * *
The hound bites you.
* * * LOW HITPOINT WARNING * * *
😱 HP[-3]
You take 3 damage, and now have 10/56 hp.
You miss the hound. The hound bites you.
* * * LOW HITPOINT WARNING * * *
The hound barely misses you. 😱 HP[-3]
You take 3 damage, and now have 7/56 hp.
You closely miss the hound. The hound bites you but does no damage.
The hound bites you.
* * * LOW HITPOINT WARNING * * *
😱 HP[-1]
You take 1 damage, and now have 6/56 hp.
You hit the hound. The hound closely misses you. The hound barely misses you.
The hound bites you.
* * * LOW HITPOINT WARNING * * *
You closely miss the hound. The hound barely misses you. The hound bites you.
* * * LOW HITPOINT WARNING * * *
😱 HP[-3]
You take 3 damage, and now have 3/56 hp.
You closely miss the hound. The hound bites you.
* * * LOW HITPOINT WARNING * * *
The hound bites you.
You die...

Skill      XL: |  1  2  3  4  5 |
---------------+----------------+-----
Stealth        | 2 3 4 |  4.8
Dodging        | 2 |  2.8
Crossbows      | 4 |  4.5
Armour         | 1 |  1.9
Fighting       | 3 |  3.4

Action                   |  1- 3 |  4- 6 || total
-------------------------+-------+-------++-------
Melee: War axe           |    13 |    30 ||    43
       Punch             |       |     1 ||     1
 Fire: Hand crossbow     |    83 |    99 ||   182
 Abil: Spit Poison       |     4 |     6 ||    10
  Use: Potion            |     2 |     5 ||     7
Armor: Leather armour    |     1 |     1 ||     2
       Ring mail         |    27 |     9 ||    36
       Robe              |       |    12 ||    12
Dodge: Dodged            |    30 |    63 ||    93
       Repelled          |       |     1 ||     1

Levels and vault maps discovered:
D:1:      erik_arrival_triangle_medium, layout_basic
D:2:      layout_basic, serial_shops, shop, ebering_ecumenical_altar_box
D:3:      layout_basic, grunt_qazlal_sundering, nzn_hepliaklqana_mist_gate,
          serial_rivers, chequers_serial_rivers_room_b,
          chequers_serial_rivers_micro_a, chequers_serial_rivers_micro_e,
          chequers_serial_rivers_micro_a, minmay_misc_feat_four_crosses,
          minivault_25
D:4:      layout_cave_pools, marbit_many_paths, kennysheep_flooded_box,
          minmay_starry_boxes, uniq_blork_the_orc

Notes
Turn   | Place    | Note
-------+----------+-------------------------------------------
     0 | D:1      | mcwallace the Naga Hunter began the quest for the Orb.
     0 | D:1      | Reached XP level 1. HP: 19/19 MP: 1/1
     0 | D:1      | magus.rc [v1.9.6]
   103 | D:1      | Reached skill level 2 in Stealth
   340 | D:1      | Reached XP level 2. HP: 26/26 MP: 2/2
   377 | D:1      | You pick up a book of Misfortune and begin reading...
   377 | D:1      | You add the spells Confusing Touch, Yara's Violent
                  | Unravelling and Enfeeble to your library.
   628 | D:1      | Reached XP level 3. HP: 32/33 MP: 3/3
   684 | D:1      | Reached skill level 2 in Dodging
  1189 | D:2      | HP: 7/33 [poisoned by an adder]
  1190 | D:2      | HP: 2/33 [adder (3)]
  1201 | D:2      | Reached skill level 3 in Stealth
  1364 | D:2      | Found a faded altar of an unknown god.
  1463 | D:2      | Reached XP level 4. HP: 33/40 MP: 4/4
  1470 | D:2      | Reached skill level 4 in Crossbows
  1891 | D:2      | Found Afiaf's Book Boutique.
  2036 | D:3      | Reached skill level 1 in Armour
  2122 | D:3      | Found a stormy altar of Qazlal.
  2268 | D:3      | Reached XP level 5. HP: 48/48 MP: 5/5
  2505 | D:3      | Found a hazy altar of Hepliaklqana.
  3014 | D:4      | Noticed Blork the orc
  3025 | D:4      | HP: 9/48 [Blork the orc/magic dart (9)]
  3029 | D:4      | HP: 2/48 [Blork the orc/+0 hand axe (7)]
  3031 | D:4      | Killed Blork the orc
  3032 | D:4      | Reached skill level 3 in Fighting
  3032 | D:4      | Reached skill level 4 in Stealth
  3318 | D:4      | HP: 8/49 [iguana (12)]
  3323 | D:4      | HP: 10/49 [iguana (2)]
  3324 | D:4      | HP: 3/49 [scorpion (8)]
  3325 | D:4      | Reached XP level 6. HP: 4/56 MP: 6/6
  3620 | D:4      | You pick up a book of Flames and begin reading...
  3620 | D:4      | You add the spells Foxfire, Conjure Flame, Inner Flame and
                  | Flame Wave to your library.
  3747 | D:4      | HP: 13/56 [hound (4)]
  3752 | D:4      | HP: 12/56 [hound (1)]
  3757 | D:4      | HP: 6/56 [hound (1)]
  3759 | D:4      | HP: 1/56 [hound (2)]
  3759 | D:4      | Slain by a hound

Vanquished Creatures
  Blork the orc (D:4)
  A scorpion (D:4)
  A howler monkey (D:4)
  A hound (D:3)
  An iguana (D:4)
  5 adders
  3 dart slugs
  3 ball pythons (D:1)
  8 bats
  8 endoplasms
  A giant cockroach (D:2)
  10 goblins
  10 hobgoblins
  5 jackals
  5 kobolds
  3 frilled lizards (D:2)
  5 rats
71 creatures vanquished.

Table legend:
 A = Non-vault XP
 B = Vault XP
 C = Vault XP percentage of total XP
 D = Non-vault monster count
 E = Vault monster count
 F = Vault count percentage of total count
                 A         B        C        D         E       F
            +---------+---------+-------+---------+---------+-------
      Total |     260 |     239 |  47.9 |      65 |       6 |   8.5
            +---------+---------+-------+---------+---------+-------
        D:1 |      50 |       0 |   0.0 |      27 |       0 |   0.0
        D:2 |      59 |       0 |   0.0 |      21 |       0 |   0.0
        D:3 |      71 |       0 |   0.0 |      10 |       0 |   0.0
        D:4 |      80 |     239 |  74.9 |       7 |       6 |  46.2
            +---------+---------+-------+---------+---------+-------

Illustrated notes

Table legend:
 A = Kills in this place as a percentage of kills in entire the game.
 B = Kills by you in this place as a percentage of kills by you in the entire game.
 C = Kills by friends in this place as a percentage of kills by friends in the entire game.
 D = Other kills in this place as a percentage of other kills in the entire game.
 E = Experience gained in this place as a percentage of experience gained in the entire game.
 F = Experience gained in this place divided by the number of levels of this place that you have seen.
                   A       B       C       D       E      F
               +-------+-------+-------+-------+-------+----------------------
         Total | 100.0 | 100.0 |   N/A |   N/A | 100.0 | 124.8
       Dungeon | 100.0 | 100.0 |   N/A |   N/A | 100.0 | 124.8
               +-------+-------+-------+-------+-------+----------------------

Table legend: (Time is in decaauts)
 A = Elapsed time spent in this place.
 B = Non-inter-level travel time spent in this place.
 C = Inter-level travel time spent in this place.
 D = Time resting spent in this place.
 E = Time spent auto-exploring this place.
 F = Levels seen in this place.
 G = Mean time per level.
                   A        B        C        D        E       F      G
               +--------+--------+--------+--------+--------+-----+--------+
         Total |   4722 |   4634 |     88 |    167 |   3881 |   4 | 1180.5 |
       Dungeon |   4722 |   4634 |     88 |    167 |   3881 |   4 | 1180.5 |
               +--------+--------+--------+--------+--------+-----+--------+

Top non-repeatable levels by time:
     D:3: 1499 daAuts
     D:1: 1436 daAuts
     D:2: 1060 daAuts
     D:4: 726 daAuts
